 Dungeon Crawl Stone Soup version 0.31-a0-845-g9abc20d24f (webtiles) character file.

Game seed: 472653558469012680

1986 wvc the Reanimator (level 9, -1/57 HPs)
             Began as a Human Necromancer on Oct 1, 2023.
             Slain by a two-headed ogre
             ... wielding a +0 giant club
              (8 damage)
             ... on level 8 of the Dungeon.
             The game lasted 00:31:00 (8849 turns).

wvc the Reanimator (Human Necromancer)              Turns: 8849, Time: 00:31:00

Health: -1/57      AC:  6    Str:  9    XL:     9   Next: 44%
Magic:  6/20       EV: 27    Int: 20    God:
Gold:   349        SH:  0    Dex: 13    Spells: 14/23 levels left

rFire   + . .        j - +6 rapier (protect)
rCold   . . .        (no shield)
rNeg    . . .        r - +0 animal skin
rPois   .            C - +1 helmet
rElec   .            H - scarf {repulsion}
rCorr   .            e - +0 pair of gloves
SInv    .            k - +0 pair of boots
Will    .....        D - amulet of the acrobat
Stlth   ++           x - ring of protection from fire
HPRegen 0.29/turn    (no ring)
MPRegen 0.17/turn

%: repel missiles, acrobat
@: acrobatic
A: no striking features
a: no special abilities


You were on level 8 of the Dungeon.
You visited 2 branches of the dungeon, and saw 9 of its levels.
You also visited: Ossuary.

You collected 349 gold pieces.

Inventory:

Hand Weapons
 j - a +6 rapier of protection (weapon)
 s - a +0 dagger of venom
Missiles
 w - 4 throwing nets
 A - 2 poisoned darts (quivered)
Armour
 e - a +0 pair of gloves (worn)
 k - a +0 pair of boots (worn)
 q - a +0 hat
 r - a +0 animal skin (worn)
 t - a scarf of harm
 C - a +1 helmet (worn)
 H - a scarf of repulsion (worn)
Magical Staves
 f - a staff of death
 p - a staff of fire
Jewellery
 x - a ring of protection from fire (left hand)
 D - an amulet of the acrobat (around neck)
Talismans
 o - a blade talisman
 E - a serpent talisman
Wands
 v - a wand of iceblast (12)
Scrolls
 c - 2 scrolls of vulnerability
 d - 7 scrolls of teleportation
 l - 2 scrolls of revelation
 m - 5 scrolls of fear
 n - 3 scrolls of noise
 y - a scroll of enchant armour
 I - a scroll of enchant weapon
Potions
 b - 2 potions of magic
 g - 4 potions of curing
 h - 2 potions of cancellation
 i - 3 potions of brilliance
 u - a potion of attraction
 z - a potion of mutation
 B - a potion of enlightenment
 F - a potion of haste


   Skills:
 - Level 0.3 Staves
 - Level 2.0 Dodging
 - Level 2.0 Stealth
 + Level 7.9 Spellcasting
 + Level 8.9 Necromancy
 + Level 1.8 Evocations


You had 14 spell levels left.
You knew the following spells:

 Your Spells              Type           Power      Damage    Failure   Level
a - Necrotise             Necr           100%       1d9       1%          1
b - Vampiric Draining     Necr           43%        2d9       1%          3
c - Agony                 Necr           43%        N/A       6%          5

Your spell library contained the following spells:

 Spells                   Type           Power      Damage    Failure   Level
 Animate Dead             Necr           43%        N/A       2%          4
 Shock                    Conj/Air       28%        1d4       9%          1
 Summon Small Mammal      Summ           28%        N/A       9%          1
 Scorch                   Fire           14%        2d5       13%         2
 Call Canine Familiar     Summ           7%         N/A       26%         3
 Gell's Gravitas          Tloc           7%         N/A       26%         3
 Ozocubu's Armour         Ice            7%         N/A       26%         3
 Summon Guardian Golem    Hex/Summ       7%         N/A       26%         3
 Swiftness                Air            7%         N/A       26%         3
 Teleport Other           Tloc           7%         N/A       26%         3
 Airstrike                Air            3%         2d(1-17)  65%         4
 Flame Wave               Conj/Fire      7%         2d5       65%         4
 Dispersal                Tloc           3%         N/A       100%        6
 Summon Cactus Giant      Summ           3%         N/A       100%        6
 Ozocubu's Refrigeration  Ice            3%         4d8       100%        7


Dungeon Overview and Level Annotations

Branches:
Dungeon (8/15)             Temple (1/1) D:4         Ossuary (visited)
   Lair: D:8-11

Altars:
Ashenzari
Elyvilon
Gozag
Hepliaklqana
Nemelex Xobeh
Qazlal
Ru
Sif Muna
Trog
Uskayaw
Vehumet
Wu Jian
Xom
Yredelemnul
Zin
The Shining One

Annotations:
D:2 exclusion: 2 upstairs
D:8 2 runed translucent doors, Takeo's ghost, novice HOGl
Temple 4 transporters


Message History

Aiming: Necrotise (safe; 1% risk of failure)
Press: ? - help, Shift-Dir - straight line, f/p - two-headed ogre
Aim: a two-headed ogre, wielding a +0 giant club and a +0 giant spiked club (lightly wounded, very poisoned, chance to affect: 70%)
The two-headed ogre writhes in agony!
Casting: Necrotise (safe; 1% risk of failure)
Confirm with . or Enter, or press ? or * to list all spells.
Aiming: Necrotise (safe; 1% risk of failure)
Press: ? - help, Shift-Dir - straight line, f/p - two-headed ogre
Aim: a two-headed ogre, wielding a +0 giant club and a +0 giant spiked club (moderately wounded, very poisoned, chance to affect: 70%)
The two-headed ogre writhes in agony.
Casting: Necrotise (safe; 1% risk of failure)
Confirm with . or Enter, or press ? or * to list all spells.
Aiming: Necrotise (safe; 1% risk of failure)
Press: ? - help, Shift-Dir - straight line, f/p - two-headed ogre
Aim: a two-headed ogre, wielding a +0 giant club and a +0 giant spiked club (moderately wounded, very poisoned, chance to affect: 70%)
The two-headed ogre writhes in agony!
Casting: Necrotise (safe; 1% risk of failure)
Confirm with . or Enter, or press ? or * to list all spells.
Aiming: Agony (dangerous; 6% risk of failure)
Press: ? - help, Shift-Dir - straight line, f/p - two-headed ogre
Aim: a two-headed ogre, wielding a +0 giant club and a +0 giant spiked club (heavily wounded, very poisoned, chance to affect: 91%)
The two-headed ogre convulses!
The two-headed ogre hits you with a +0 giant club!!
The two-headed ogre hits you with a +0 giant spiked club.
Casting: Agony (dangerous; 6% risk of failure)
Confirm with . or Enter, or press ? or * to list all spells.
Aiming: Agony (dangerous; 6% risk of failure)
Press: ? - help, Shift-Dir - straight line, f/p - two-headed ogre
Aim: a two-headed ogre, wielding a +0 giant club and a +0 giant spiked club (severely wounded, poisoned, chance to affect: 91%)
The two-headed ogre barely resists.
Casting: Agony (dangerous; 6% risk of failure)
Confirm with . or Enter, or press ? or * to list all spells.
Aiming: Necrotise (safe; 1% risk of failure)
Press: ? - help, Shift-Dir - straight line, f/p - two-headed ogre
Aim: a two-headed ogre, wielding a +0 giant club and a +0 giant spiked club (severely wounded, poisoned, chance to affect: 70%)
The two-headed ogre writhes in agony.
The two-headed ogre barely misses you. x2
The two-headed ogre hits you with a +0 giant club!
* * * LOW HITPOINT WARNING * * *
The two-headed ogre hits you with a +0 giant spiked club!
You die...

######## #.#######
#......### #...@...#
#.######.# #..O#'#.##
#......#..
#...#.#..###......#W~
.....#.#...........+.#
#.##...#.#...##......+~.
# #..##.##.###......#?⌠
#.(#...#.# #......#§.
##(#._.#.###......##.
#...#.##...[#### #


You could see a two-headed ogre (poisoned).

Vanquished Creatures
  A wyvern (D:7)
  An acid dragon (D:6)
  A water moccasin (D:6)
  An orc warrior (D:6)
  2 ice beasts (D:6)
  A black bear (D:4)
  An ogre (D:5)
  A phantom (D:5)
  A bullfrog (D:7)
  2 scorpions
  3 killer bees (D:7)
  3 hounds (D:6)
  A gnoll bouda (D:5)
  An orc priest (D:7)
  2 jellies
  An iguana (D:6)
  3 orc wizards
  4 sleepcaps
  Robin (D:3)
  8 gnolls
  6 adders
  2 white imps (D:6)
  2 ufetubi
  7 worms
  2 dart slugs (D:1)
  23 orcs
  9 ball pythons
  7 endoplasms
  9 giant cockroaches
  19 goblins
  12 hobgoblins
  2 jackals (D:1)
  5 kobolds
  10 quokkas
  4 bats
  7 frilled lizards
  16 rats
181 creatures vanquished.

Vanquished Creatures (collateral kills)
  3 orcs
  2 endoplasms
  A giant cockroach (D:2)
  A goblin (D:3)
  A kobold (D:1)
8 creatures vanquished.

Grand Total: 189 creatures vanquished

Notes
Turn   | Place    | Note
-------+----------+-------------------------------------------
     0 | D:1      | wvc the Human Necromancer began the quest for the Orb.
     0 | D:1      | Reached XP level 1. HP: 13/13 MP: 3/3
     1 | D:1      | Found a runed translucent door.
   292 | D:1      | Reached XP level 2. HP: 14/19 MP: 0/5
   497 | D:1      | Reached XP level 3. HP: 21/24 MP: 0/6
  1416 | D:1      | Reached XP level 4. HP: 30/30 MP: 5/8
  1947 | D:2      | Reached skill level 5 in Necromancy
  1985 | D:2      | Learned a level 3 spell: Vampiric Draining
  2493 | D:2      | Reached XP level 5. HP: 35/35 MP: 9/9
  2773 | D:3      | Noticed Robin
  2965 | D:3      | Found a shimmering blue altar of Sif Muna.
  3379 | D:3      | Killed Robin
  3498 | D:3      | Found a broken altar of Ashenzari.
  3503 | D:3      | Found a sparkling altar of Nemelex Xobeh.
  3640 | D:3      | Found a white marble altar of Elyvilon.
  3993 | D:4      | Found a staircase to the Ecumenical Temple.
  4022 | Temple   | Found a transporter.
  4022 | Temple   | Found a transporter.
  4022 | Temple   | Found a transporter.
  4022 | Temple   | Found a transporter.
  4022 | Temple   | Entered the Ecumenical Temple
  4200 | D:4      | Reached XP level 6. HP: 41/41 MP: 9/11
  4233 | D:4      | Noticed a black bear
  4337 | D:4      | Learned a level 5 spell: Agony
  4864 | D:4      | Killed a black bear
  4865 | D:4      | Reached skill level 6 in Necromancy
  5331 | D:5      | Entered Level 5 of the Dungeon
  5354 | D:5      | Reached XP level 7. HP: 42/46 MP: 8/14
  5479 | D:5      | Reached skill level 5 in Spellcasting
  5574 | D:5      | Found a radiant altar of Vehumet.
  5576 | D:5      | Found a hide-covered altar of Uskayaw.
  6238 | D:5      | Found a glowing silver altar of Zin.
  6334 | D:6      | Reached skill level 7 in Necromancy
  6334 | D:6      | Reached XP level 8. HP: 30/52 MP: 12/16
  6468 | D:6      | Reached skill level 1 in Evocations
  6514 | D:6      | Found a sand-covered staircase.
  6524 | Ossuary  | Entered an ossuary
  7497 | D:6      | Reached skill level 8 in Necromancy
  7672 | D:6      | Reached XP level 9. HP: 38/57 MP: 14/19
  8225 | D:7      | Found an opulent altar of Gozag.
  8796 | D:8      | Found a large runed translucent door.
  8796 | D:8      | Found a large runed translucent door.
  8802 | D:8      | Identified the +0 robe "Umyrism" {Str-5 Int+2 Dex+2}
  8805 | D:8      | Noticed Takeo's ghost (novice HOGl)
  8827 | D:8      | Found a glowing golden altar of the Shining One.
  8839 | D:8      | Noticed a two-headed ogre
  8849 | D:8      | Slain by a two-headed ogre

Illustrated notes

Levels and vault maps discovered:
D:1:      dpeg_arrival_caged_fury, layout_loops_corners
D:2:      layout_basic
D:3:      layout_basic, nemelex_diamond_rough_becter,
          nicolae_elyvilon_temple_path, nicolae_sif_muna_condensation,
          overflow_temple_1_default, minmay_misc_feat_alley, nrook_campfire,
          uniq_robin
D:4:      wad_woods_settlement, layout_loops_cross,
          minmay_temple_entry_stoned_glass, portal_sewer_entry_e
D:5:      layout_loops_ring, zin_scriptorium, mainiacjoe_overflow_catwalk_spiral
D:6:      kennysheep_six_static_rooms, layout_basic, enter_ossuary_1
D:7:      layout_basic, mainiacjoe_overflow_24_doors, enter_bailey_3, hex_tiny
D:8:      layout_basic, mainiacjoe_overflow_surrounded_room,
          minmay_overflow_temple_star_quad, ebering_ghost_disaster_area,
          uniq_maggie
Temple:   hellmonk_temple_divided_pantheon

Skill      XL: |  1  2  3  4  5  6  7  8 |
---------------+-------------------------+-----
Spellcasting   | 3 4 5 7 |  7.9
Necromancy     | 5 6 7 8 |  8.9
Evocations     | 1 |  1.8
Staves         | |  0.3
Dodging        | |  2.0
Stealth        | |  2.0

Action                     |  1- 3 |  4- 6 |  7- 9 || total
---------------------------+-------+-------+-------++-------
  Melee: Unarmed           |    31 |       |       ||    31
         Staff             |     6 |    59 |       ||    65
         Rapier            |       |    34 |    78 ||   112
         Punch             |       |       |     2 ||     2
  Throw: Javelin           |       |       |     4 ||     4
         Dart              |       |       |     8 ||     8
   Cast: Necrotise         |    54 |   139 |   140 ||   333
         Agony             |       |       |     4 ||     4
  Evoke: Wand              |       |       |    24 ||    24
    Use: Scroll            |       |     9 |    11 ||    20
         Potion            |       |       |     1 ||     1
   Stab: Sleeping          |     2 |     1 |     2 ||     5
 Armour: Robe              |    25 |    31 |       ||    56
         Animal skin       |       |    37 |   108 ||   145
  Dodge: Dodged            |    24 |    72 |   158 ||   254

Table legend: (Time is in decaauts)
 A = Elapsed time spent in this place.
 B = Non-inter-level travel time spent in this place.
 C = Inter-level travel time spent in this place.
 D = Time resting spent in this place.
 E = Time spent auto-exploring this place.
 F = Levels seen in this place.
 G = Mean time per level.
                   A        B        C        D        E       F      G
               +--------+--------+--------+--------+--------+-----+--------+
         Total |   8891 |   8541 |    350 |    562 |   6082 |  10 |  889.1 |
       Dungeon |   8816 |   8477 |    339 |    562 |   6043 |   8 | 1102.0 |
        Temple |     62 |     51 |     11 |      0 |     39 |   1 |   62.0 |
       Ossuary |     12 |     12 |      0 |      0 |      0 |   1 |   12.0 |
               +--------+--------+--------+--------+--------+-----+--------+

Top non-repeatable levels by time:
     D:1: 1647 daAuts
     D:6: 1350 daAuts
     D:4: 1300 daAuts
     D:2: 1271 daAuts
     D:5: 1194 daAuts
     D:3: 1071 daAuts
     D:7: 914 daAuts
     D:8: 66 daAuts
  Temple: 62 daAuts
 Ossuary: 12 daAuts
